[Event "*** Titled Tuesday Blitz"]
[Site "Chess.com"]
[Date "2020.11.03"]
[Round "4"]
[White "AquivaRubinstein"]
[Black "MarcoRiehle"]
[Result "0-1"]
[WhiteElo "2518"]
[BlackElo "2718"]
[TimeControl "180+1"]
[EndTime "10:40:40 PST"]
[Termination "MarcoRiehle won by resignation"]

1. e4 e5 2. Nf3 Nf6 3. Nxe5 Nxe4 4.
Qe2 Qe7 5. Qxe4 d6 6. d4 dxe5 7. dxe5 Nc6 8. Bb5 Bd7 9. O-O O-O-O 10. Nc3 a6 11. Ba4 Nxe5 12. Bxd7+ Nxd7 13. Qf3 Qf6 14. Qh3 Kb8 15. Nd5 Qe5 16. c4 Bd6 17. Bf4 Qd4 18. Rfd1 Qxc4 19. Rac1 Qxa2 20. Nxc7 Bxf4 21. Ra1 Nc5 22.
Nxa6+ Qxa6 23. Qf5 Rxd1+ 24. Rxd1 Ne6 25. Qxf7 Rc8 26.
g3 Be5 27. Re1 Qd6 28. Qf5 Nd4 29. Qe4 Bf6 0-1

[Event "*** Titled Tuesday Blitz"]
[Site "Chess.com"]
[Date "2020.11.03"]
[Round "4"]
[White "pastouche06"]
[Black "MarkoPe"]
[Result "1-0"]
[WhiteElo "2507"]
[BlackElo "2233"]
[TimeControl "180+1"]
[EndTime "10:40:41 PST"]
[Termination "pastouche06 won on time"]

1. d4 Nf6 2. c4 e6 3. Nc3 Bb4 4. e3 O-O 5. Ne2 b6 6. a3 Be7 7. g3 Bb7 8. d5 a5 9. Bg2 Na6 10.
O-O Nc5 11. b3 Re8 12. Rb1 exd5 13. cxd5 Bd6 14. Nb5 Nce4 15. f3 Nc5 16. Nxd6 cxd6 17. e4 b5 18. Nd4 Qb6 19. Kh1 b4 20. axb4 axb4 21. Bg5 Ra2 22. Bxf6 gxf6 23. Nf5 Rea8 24. Qd4 Qd8 25. Nxd6 Ba6 26. Qxc5 Bxf1 27. Rxf1 Ra1 28. Qd4 Rxf1+ 29. Bxf1 1-0

[Event "*** Titled Tuesday Blitz"]
[Site "Chess.com"]
[Date "2020.11.03"]
[Round "4"]
[White "winniethepooh04"]
[Black "ApacheSVD"]
[Result "0-1"]
[WhiteElo "2232"]
[BlackElo "2416"]
[TimeControl "180+1"]
[EndTime "10:40:41 PST"]
[Termination "ApacheSVD won by resignation"]

1. d4 Nf6 2. Nf3 c5 3. c3 d5 4. Bf4 Nc6 5. e3 e6 6. Nbd2 cxd4 7. exd4 Nh5 8. Be3 Bd6 9. Bd3 Nf4 10. Bxf4 Bxf4 11. O-O Qf6 12. Re1 O-O 13. Nf1 a6 14. a4 Rb8 15. Qe2 Bd7 16. Ne5 Rfd8 17. g3 Bxe5 18.
dxe5 Qe7 19. Ne3 Qc5 20. Qh5 g6 21. Qg5 Qe7 22. Qf4 g5 23. Qg4 Nxe5 24. Qe2 Nxd3 25. Qxd3 Qf6 26. Ng4 Qg7 27. a5 Bb5 28. Qf3 Rbc8 29.
Re5 h6 30. Rae1 Rc4 31. Nf6+ Kh8 32. b3 Rc7 33. Nh5 Qg6 34. Kh1 Bc6 35. Qf6+ Qxf6 36. Nxf6 d4+ 37. Kg1 dxc3 38. Rc1 c2 39. Re2 Bf3 40.
Rexc2 Rxc2 0-1

[Event "*** Titled Tuesday Blitz"]
[Site "Chess.com"]
[Date "2020.11.03"]
[Round "4"]
[White "DenisQ"]
[Black "SARGISMV"]
[Result "1-0"]
[WhiteElo "2666"]
[BlackElo "2476"]
[TimeControl "180+1"]
[EndTime "10:40:43 PST"]
[Termination "DenisQ won by resignation"]

1. Nf3 c5 2. c4 Nc6 3. Nc3 g6 4. e3 Bg7 5. d4 d6 6. d5 Ne5 7. Nxe5 Bxe5 8. Bd3 a6 9. O-O Bg7 10. e4 Nf6 11. h3 O-O 12. Re1 Rb8 13. Qc2 e6 14.
Bf4 exd5 15. exd5 Qc7 16. Re2 Bd7 17. a4 Rfe8 18. Rae1 Rxe2 19. Rxe2 Re8 20. g4 h6 21. Kg2 Rxe2 22. Qxe2 Bf8 23. Qf3 Qb6 24. Bxh6 Bxh6 25. Qxf6 Qxb2 26. Ne4 Qa3 27. Qd8+ Kg7 28. Qxd7 Qxd3 29.
Nxd6 Bf4 30. Qxf7+ Kh6 31. Qxf4+ g5 1-0

[Event "*** Titled Tuesday Blitz"]
[Site "Chess.com"]
[Date "2020.11.03"]
[Round "4"]
[White "Shuvalov"]
[Black "ViktoriyaTarasova"]
[Result "1-0"]
[WhiteElo "2442"]
[BlackElo "2257"]
[TimeControl "180+1"]
[EndTime "10:40:43 PST"]
[Termination "Shuvalov won by resignation"]

1. Nf3 Nf6 2. c4 e6 3. g3 d5 4. Bg2 Be7 5. O-O O-O 6. b3 a5 7.
Nc3 c6 8. e3 b6 9. Bb2 Bb7 10.
Qe2 Nbd7 11. d3 Re8 12. e4 dxe4 13. dxe4 e5 14. Rad1 Qc7 15. Nh4 g6 16. Bh3 Rad8 17. Na4 Nc5 18. Nxc5 Bxc5 19. Bg2 Bd4 20. Bxd4 exd4 21.
f4 c5 22. e5 Bxg2 23. Qxg2 Ng4 24. Nf3 Ne3 25. Qh3 Nxf1 26. Rxf1 h5 27. g4 Qd7 28. f5 Kg7 29. e6 fxe6 30. f6+ Kg8 31. Ne5 Qb7 32. f7+ Kh7 33. fxe8=Q Rxe8 34. Rf7+ 1-0

[Event "*** Titled Tuesday Blitz"]
[Site "Chess.com"]
[Date "2020.11.03"]
[Round "4"]
[White "MariaFominykh"]
[Black "pedromartinez91"]
[Result "0-1"]
[WhiteElo "2322"]
[BlackElo "2594"]
[TimeControl "180+1"]
[EndTime "10:40:45 PST"]
[Termination "pedromartinez91 won by resignation"]

1. Nf3 b6 2. d3 Bb7 3. e4 e6 4. Nbd2 c5 5. g3 d5 6. Bg2 dxe4 7. dxe4 Nf6 8. Qe2 Ba6 9. Nc4 Be7 10. e5 Nd5 11.
O-O O-O 12. Nfd2 Nc6 13. c3 Qc7 14. Re1 Rfd8 15. Qe4 Rac8 16. a4 Bb7 17. Qg4 Bf8 18. h4 a6 19. Nf3 b5 20. Ne3 Nxe5 21. Nxe5 Qxe5 22. axb5 axb5 23. Ra7 Nf6 24. Qg5 Qxg5 25. hxg5 Bxg2 26. gxf6 Bf3 27. fxg7 Bxg7 28. Ng2 b4 29.
Bg5 Rd5 30. Bf4 bxc3 31. bxc3 Bxc3 32. Re3 Bxg2 33. Kxg2 Bd4 34. Rea3 c4 35. Bc1 Bxa7 0-1

[Event "*** Titled Tuesday Blitz"]
[Site "Chess.com"]
[Date "2020.11.03"]
[Round "4"]
[White "anasta10"]
[Black "AntonovaNadezhda"]
[Result "1-0"]
[WhiteElo "2389"]
[BlackElo "2116"]
[TimeControl "180+1"]
[EndTime "10:40:47 PST"]
[Termination "anasta10 won by resignation"]

1. d4 Nf6 2. c4 g6 3. Nc3 Bg7 4.
e4 d6 5. Bd3 O-O 6. Nge2 Nc6 7.
O-O e5 8. d5 Nd4 9. f3 c5 10.
Be3 Ne8 11. Rb1 f5 12. exf5 Bxf5 13. b4 b6 14. a4 a5 15. bxc5 bxc5 16. Nb5 Nc7 17.
Qd2 Rf7 18. Bxf5 gxf5 19. Bg5 Qd7 20. Nexd4 cxd4 21. f4 h6 22. fxe5 hxg5 23. e6 Nxe6 24. dxe6 Qxe6 25. Qxg5 Qxc4 26. Nxd6 Qxa4 27. Nxf7 Kxf7 28.
Qxf5+ Kg8 29. Qd5+ Kh7 30. Qxa8 d3 31. Qf3 Qd4+ 32.
Kh1 d2 33. Qh5+ 1-0

[Event "*** Titled Tuesday Blitz"]
[Site "Chess.com"]
[Date "2020.11.03"]
[Round "4"]
[White "RU_B9"]
[Black "Kolle05"]
[Result "0-1"]
[WhiteElo "1730"]
[BlackElo "2361"]
[TimeControl "180+1"]
[EndTime "10:40:48 PST"]
[Termination "Kolle05 won on time"]

1. Nf3 Nf6 2. c4 g6 3. Nc3 Bg7 4. e4 e5 5. d4 exd4 6. Nxd4 O-O 7. Be2 Re8 8. f3 c6 9. c5 b6 10. cxb6 d5 11. bxa7 Rxa7 12. exd5 Nxd5 13. O-O Qb6 14. Nxd5 Bxd4+ 15. Kh1 cxd5 16. Bh6 Bf5 17. Bd3 Bxd3 18. Qxd3 Nc6 19. Rfe1 Rae7 20. Rxe7 Rxe7 21. Rc1 Qxb2 22.
h4 Qf2 0-1

[Event "*** Titled Tuesday Blitz"]
[Site "Chess.com"]
[Date "2020.11.03"]
[Round "4"]
[White "gammagramma"]
[Black "indfraeng"]
[Result "0-1"]
[WhiteElo "2533"]
[BlackElo "2348"]
[TimeControl "180+1"]
[EndTime "10:40:49 PST"]
[Termination "indfraeng won by resignation"]

1. d4 d5 2. c4 c6 3. Nf3 Nf6 4.
c5 Nbd7 5. a3 g6 6. Nbd2 Bg7 7.
b4 e5 8. Nxe5 Nxe5 9. dxe5 Ng4 10. f4 Bf5 11. Nf3 O-O 12. h3 Nh6 13. g4 Be4 14. Bg2 f6 15. Bb2 fxe5 16. Bxe5 Bxe5 17. fxe5 Nf7 18. Qd4 Qe7 19. O-O Rae8 20. Rae1 Nxe5 21. Nxe5 Qxe5 22. Rxf8+ Kxf8 23. Rf1+ Kg8 24. Qf2 Bxg2 25.
Qf7+ Kh8 26. Kxg2 Qxe2+ 27. Rf2 Qe4+ 28. Rf3 Qe7 29. Kf2 Qe1+ 30. Kg2 Re2+ 31. Rf2 Rxf2+ 32. Qxf2 Qxf2+ 33. Kxf2 Kg7 34. Ke3 g5 35. Kd3 Kf6 36. Kd4 Ke6 37. a4 a6 38. a5 h6 39. Kd3 Ke5 40.
Ke3 d4+ 0-1

[Event "*** Titled Tuesday Blitz"]
[Site "Chess.com"]
[Date "2020.11.03"]
[Round "4"]
[White "kinga2008"]
[Black "emiliochess"]
[Result "1-0"]
[WhiteElo "2083"]
[BlackElo "2246"]
[TimeControl "180+1"]
[EndTime "10:40:50 PST"]
[Termination "kinga2008 won by resignation"]

1. e4 c6 2. d4 d5 3. e5 Bf5 4.
Nc3 e6 5. g4 Bg6 6. Nge2 h6 7.
h4 Ne7 8. Nf4 Bh7 9. Be3 Nd7 10.
Bd3 Bxd3 11. Qxd3 a6 12. O-O-O c5 13. g5 hxg5 14. hxg5 Rxh1 15. Rxh1 cxd4 16. Bxd4 Nf5 17. g6 Qe7 18. Ncxd5 Qd8 19. gxf7+ Kxf7 20. Nxe6 Kxe6 21. Nf4+ Ke7 22. Qxf5 Qe8 23. e6 Nf6 24. Bc5+ Kd8 25. Rd1+ Kc7 26. Qe5+ Kc8 27. Bxf8 Qxf8 28. e7 Qe8 29.
Rd8+ Qxd8 30. exd8=Q+ Kxd8 31. Ne6+ Ke7 32. Nc7+ Kf7 33.
Nxa8 1-0

[Event "*** Titled Tuesday Blitz"]
[Site "Chess.com"]
[Date "2020.11.03"]
[Round "4"]
[White "mishanick"]
[Black "Igor_Lysyj"]
[Result "1-0"]
[WhiteElo "3027"]
[BlackElo "2814"]
[TimeControl "180+1"]
[EndTime "10:40:51 PST"]
[Termination "mishanick won by resignation"]

1. d4 d5 2. c4 e6 3. Nf3 dxc4 4. e3 Nf6 5. Bxc4 c5 6. O-O cxd4 7. Nxd4 Bd6 8. b3 O-O 9. Bb2 a6 10. Nd2 Bd7 11. Be2 Nc6 12. Nc4 Be7 13. Bf3 Rc8 14. Rc1 Nxd4 15. Qxd4 Bc6 16. Nb6 Rc7 17. Bxc6 Rxc6 18.
Rxc6 bxc6 19. Rc1 c5 20. Qxd8 Rxd8 21. Bxf6 gxf6 22. Nc4 f5 23. Kf1 Kf8 24. g3 Rc8 25. Ke2 Ke8 26. Ne5 Bf6 27. Nd3 Be7 28. Rc4 Kd7 29.
Ne5+ Ke8 30. Ra4 Ra8 31. Ra5 Bd6 32. Nd3 Ke7 33. Nxc5 Bxc5 34. Rxc5 Kd6 35. Rc4 e5 36. Rh4 Rc8 37. Rh6+ Kd5 38. Rxa6 Rc2+ 39. Kf3 e4+ 40. Kg2 1-0

[Event "*** Titled Tuesday Blitz"]
[Site "Chess.com"]
[Date "2020.11.03"]
[Round "4"]
[White "lelya96"]
[Black "Qvalda"]
[Result "0-1"]
[WhiteElo "2205"]
[BlackElo "2407"]
[TimeControl "180+1"]
[EndTime "10:40:51 PST"]
[Termination "Qvalda won by resignation"]

1. e4 e6 2. d4 d5 3. Nc3 h6 4. Nf3 Nf6 5. Bd3 Bb4 6. e5 Ne4 7. O-O Nxc3 8. bxc3 Bxc3 9. Ba3 Bxa1 10. Qxa1 Nc6 11.
c4 dxc4 12. Bxc4 Ne7 13. Nd2 O-O 14. Ne4 Re8 15. Rd1 b6 16. Qc1 Bb7 17. Ng3 Ng6 18.
Qe3 Qh4 19. f3 Rad8 20. Bb5 c6 21. Bc4 Qf4 22. Qe2 Rxd4 23. Rxd4 Qxd4+ 24. Kh1 Nxe5 25. Bb3 Qa1+ 26. Nf1 Ng6 27. Bb2 Qb1 28. h3 Nf4 29. Qf2 Nd3 0-1

[Event "*** Titled Tuesday Blitz"]
[Site "Chess.com"]
[Date "2020.11.03"]
[Round "4"]
[White "Neftegor"]
[Black "KetiGrant"]
[Result "1-0"]
[WhiteElo "2457"]
[BlackElo "2296"]
[TimeControl "180+1"]
[EndTime "10:40:53 PST"]
[Termination "Neftegor won on time"]

1. d4 Nf6 2. c4 g6 3. Nc3 Bg7 4. e4 d6 5. Nf3 O-O 6. Be2 e5 7.
O-O Nc6 8. d5 Ne7 9. Bg5 Nd7 10.
b4 f6 11. Bd2 f5 12. Rc1 Nf6 13. exf5 gxf5 14. Nh4 c6 15. Qb3 cxd5 16. cxd5 Kh8 17. Bg5 Qb6 18. Be3 Qd8 19. Bg5 a6 20. Rcd1 b5 21. a4 bxa4 22. Nxa4 Bb7 23. Nc3 Rc8 24.
Nf3 Qc7 25. Rc1 Qb8 26. Rfd1 Qa8 27. Bc4 Rc7 28. Bxf6 Bxf6 29. Na4 Rg8 30. Ne1 f4 31. Qd3 Rxc4 32. Rxc4 Bxd5 33. Nb6 1-0

[Event "*** Titled Tuesday Blitz"]
[Site "Chess.com"]
[Date "2020.11.03"]
[Round "4"]
[White "ShcufNaiRolf"]
[Black "gilbert_gm"]
[Result "0-1"]
[WhiteElo "2341"]
[BlackElo "2574"]
[TimeControl "180+1"]
[EndTime "10:40:54 PST"]
[Termination "gilbert_gm won by resignation"]

1. e4 c5 2. Nf3 d6 3. d4 cxd4 4. Nxd4 Nf6 5. Nc3 g6 6. Be3 Bg7 7. f3 Nc6 8. Qd2 Bd7 9. O-O-O Rc8 10. Kb1 Ne5 11. Bh6 Bxh6 12. Qxh6 Rxc3 13. bxc3 Qa5 14.
Kb2 Qb6+ 15. Kc1 Qa5 16. Kd2 Qc5 17. Rb1 b6 18. Be2 d5 19. Bd3 dxe4 20. fxe4 Nc4+ 21. Ke1 Ne5 22. Rf1 Qxc3+ 23. Qd2 Qxd4 24. Rb5 Nxd3+ 25. Qxd3 Qxd3 26. cxd3 Bxb5 0-1

[Event "*** Titled Tuesday Blitz"]
[Site "Chess.com"]
[Date "2020.11.03"]
[Round "4"]
[White "PattyCastillo"]
[Black "Tenamu"]
[Result "0-1"]
[WhiteElo "1927"]
[BlackElo "2363"]
[TimeControl "180+1"]
[EndTime "10:40:54 PST"]
[Termination "Tenamu won by resignation"]

1. d4 e6 2. Nf3 Nf6 3. e3 c5 4.
Bd3 b6 5. O-O Bb7 6. b3 d5 7.
Bb2 Nbd7 8. Nbd2 Bd6 9. Qe2 O-O 10. Ne5 Ne4 11. f4 f5 12. Rad1 Ndf6 13. c4 Qe7 14.
Rf3 Nxd2 15. Qxd2 dxc4 16. bxc4 Bxf3 17. Nxf3 Rad8 18. Qc2 Rc8 19. Ng5 h6 20. Nf3 cxd4 21. Bxd4 Bc5 22. Ne5 Bxd4 23. exd4 Rfd8 24. Qf2 Ng4 25.
Nxg4 fxg4 26. Re1 Qf6 27. Re5 Rc7 28. Qe3 Rcd7 29. d5 exd5 30. Re8+ Kf7 31. Re5 Re7 32.
cxd5 Rxe5 33. fxe5 Qg5 34. Qf2+ Kg8 35. g3 Qxe5 36.
Bc4 Kh8 37. Qf7 Qd4+ 0-1

[Event "*** Titled Tuesday Blitz"]
[Site "Chess.com"]
[Date "2020.11.03"]
[Round "4"]
[White "Fandorine"]
[Black "elisak43"]
[Result "1-0"]
[WhiteElo "2828"]
[BlackElo "2489"]
[TimeControl "180+1"]
[EndTime "10:40:55 PST"]
[Termination "Fandorine won on time"]

1. Nf3 Nf6 2. g3 d5 3. Bg2 Bg4 4. c4 Bxf3 5. Bxf3 e6 6. cxd5 exd5 7. Qb3 b6 8. Nc3 c6 9. O-O Bd6 10. d3 O-O 11. e4 dxe4 12. dxe4 Nbd7 13. Bg2 Qe7 14. f4 Bc5+ 15. Kh1 Ng4 16. Qc2 Rad8 17. e5 Qe6 18. Ne4 Qh6 19. h3 Ne3 20. Bxe3 Bxe3 21. Rae1 Bd4 22. Nd6 Bc5 23. Rd1 Nb8 24. Ne4 Bd4 25.
b4 Qe6 26. Ng5 Qg6 27. Be4 Qh6 28. Kg2 c5 29. Bxh7+ Kh8 30. bxc5 bxc5 31. Be4 Nd7 32. h4 Nb6 33. Qb3 Kg8 34. e6 fxe6 35. Qxe6+ Qxe6 36. Nxe6 Rfe8 37. Nxd8 Rxe4 38. Rfe1 Rxe1 39. Rxe1 c4 40.
Nc6 Bc5 41. Rc1 Nd5 42. Kf3 c3 43. Ke4 Be3 44. Rc2 1-0

[Event "*** Titled Tuesday Blitz"]
[Site "Chess.com"]
[Date "2020.11.03"]
[Round "4"]
[White "MF1966Idrisov"]
[Black "PawnEatingZombie"]
[Result "1-0"]
[WhiteElo "2342"]
[BlackElo "2160"]
[TimeControl "180+1"]
[EndTime "10:40:55 PST"]
[Termination "MF1966Idrisov won by resignation"]

1. Nf3 d5 2. b3 Nf6 3. Bb2 e6 4. e3 Bd6 5. d4 b6 6. Bd3 Bb7 7.
Nbd2 Qe7 8. O-O O-O 9. Ne5 Nbd7 10. a3 Ne4 11. Nxd7 Qxd7 12. Nxe4 dxe4 13. Be2 f5 14. g3 Rad8 15. c4 Qe7 16. Qc2 c5 17. dxc5 bxc5 18.
Qc3 Qg5 19. b4 Be7 20. Qb3 f4 21. exf4 Qg6 22. Qe3 Bd6 23. Be5 Bxe5 24. fxe5 Qf5 25. Qxc5 Rd2 26. Rae1 Rfd8 27. a4 e3 28. Qxe3 Qc2 29.
Bg4 R2d3 30. Bxe6+ Kh8 31. Qg5 R3d4 32. Bd5 Rf8 33.
Bxb7 1-0

[Event "*** Titled Tuesday Blitz"]
[Site "Chess.com"]
[Date "2020.11.03"]
[Round "4"]
[White "AryanTari"]
[Black "GelmanAlexander"]
[Result "1-0"]
[WhiteElo "2894"]
[BlackElo "2572"]
[TimeControl "180+1"]
[EndTime "10:40:57 PST"]
[Termination "AryanTari won by resignation"]

1. e4 c5 2. Ne2 e6 3. d4 cxd4 4. Nxd4 a6 5. c4 b6 6. Nc3 Bb7 7. g3 d6 8. Bg2 Nd7 9. O-O Qc7 10.
Be3 Ngf6 11. Rc1 Be7 12. g4 h5 13. h3 hxg4 14. hxg4 d5 15. f4 dxe4 16. g5 Nh5 17.
Qg4 Nc5 18. Rcd1 O-O-O 19. Nd5 Rxd5 20. cxd5 Bxd5 21. b4 Nd3 22. Rxd3 exd3 23. Bxd5 d2 24. Bxd2 Qd6 25. Rc1+ Kd7 26. Bc6+ Kd8 27. Be3 f5 28. Qf3 Bxg5 29. Ba4 Bxf4 30. Nc6+ Ke8 31. Ne5+ Ke7 32. Ng6+ Kf6 33. Nxf4 Nxf4 34. Qxf4 Qd5 35. Qg5+ Kf7 36. Rc7+ 1-0

[Event "*** Titled Tuesday Blitz"]
[Site "Chess.com"]
[Date "2020.11.03"]
[Round "4"]
[White "ChristopherYoo"]
[Black "PetrolulSah"]
[Result "1-0"]
[WhiteElo "2852"]
[BlackElo "2187"]
[TimeControl "180+1"]
[EndTime "10:40:59 PST"]
[Termination "ChristopherYoo won by checkmate"]

1. Nf3 Nf6 2. c4 g6 3. Nc3 d5 4. Qa4+ Bd7 5. Qb3 dxc4 6. Qxc4 Nc6 7. e4 e5 8. d4 exd4 9. Nd5 Nxd5 10. exd5 Bb4+ 11. Kd1 Qe7 12. dxc6 Bxc6 13. Bd3 O-O-O 14. a3 Ba4+ 15. b3 Bc3 16. Qxa4 Bxa1 17. Qxa7 Bc3 18.
Qa8+ Kd7 19. Qxb7 Rb8 20. Bb5+ Ke6 21. Qe4+ Kf6 22. Bg5+ Kg7 23. Qxe7 c6 24. Bf6+ Kh6 25. Qe5 Rxb5 26. Bg7# 1-0

[Event "*** Titled Tuesday Blitz"]
[Site "Chess.com"]
[Date "2020.11.03"]
[Round "4"]
[White "natelleka"]
[Black "niki_2003"]
[Result "0-1"]
[WhiteElo "2223"]
[BlackElo "1928"]
[TimeControl "180+1"]
[EndTime "10:40:59 PST"]
[Termination "niki_2003 won on time"]

1. e4 c5 2. Nf3 d6 3. d4 cxd4 4. Nxd4 Nf6 5. Nc3 g6 6. Be2 Bg7 7. O-O O-O 8. Bg5 Nc6 9. Nb3 a6 10. Re1 b5 11. a3 Bb7 12. Bf1 Ne5 13. Nd4 Rc8 14. Qe2 Nc4 15. b3 Nxa3 16. Qd2 b4 17.
Nd5 Bxd5 18. exd5 Nxd5 19. Bxa6 Rc7 20. Nf3 Bxa1 21. Qxd5 Bg7 22. Qe4 f6 23. Bd2 d5 24.
Qe6+ Kh8 25. Bxb4 Nxc2 26. Bxe7 Rxe7 27. Qxe7 Nxe1 0-1

[Event "*** Titled Tuesday Blitz"]
[Site "Chess.com"]
[Date "2020.11.03"]
[Round "4"]
[White "Salem-AR"]
[Black "lukas_111111"]
[Result "1-0"]
[WhiteElo "2857"]
[BlackElo "2562"]
[TimeControl "180+1"]
[EndTime "10:41:02 PST"]
[Termination "Salem-AR won by resignation"]

1. d4 Nf6 2. c4 e6 3. Nf3 Bb4+ 4. Nbd2 O-O 5. a3 Be7 6. e4 d6 7. Bd3 e5 8. d5 a5 9. Bc2 Na6 10. b3 c6 11. Nf1 cxd5 12. cxd5 Qc7 13. Ng3 Bg4 14.
O-O Nh5 15. Nxh5 Bxh5 16. Be3 Bxf3 17. gxf3 h6 18. f4 exf4 19. Bxf4 Bf6 20. Rb1 Nc5 21. Kh1 Rfe8 22. f3 Be5 23. Be3 Nd7 24. Rg1 Rac8 25.
Rg2 Kh8 26. f4 Bf6 27. Qg4 Nc5 28. e5 dxe5 29. Qf5 e4 30. Bxc5 Qxc5 31. Bxe4 Kg8 32. Qxf6 Qc1+ 33. Rg1 1-0

[Event "*** Titled Tuesday Blitz"]
[Site "Chess.com"]
[Date "2020.11.03"]
[Round "4"]
[White "Morshynska"]
[Black "markberk"]
[Result "1-0"]
[WhiteElo "2249"]
[BlackElo "2401"]
[TimeControl "180+1"]
[EndTime "10:41:02 PST"]
[Termination "Morshynska won by resignation"]

1. Nf3 d5 2. g3 Nf6 3. Bg2 g6 4.
d4 Bg7 5. O-O O-O 6. c4 dxc4 7.
Qc2 b5 8. Nc3 c6 9. a4 b4 10.
Nb1 Ba6 11. Nbd2 b3 12. Qb1 Nbd7 13. Re1 c5 14. e3 cxd4 15. exd4 Nd5 16. Bf1 Rc8 17.
Nxb3 Bb7 18. Nbd2 c3 19. bxc3 Nxc3 20. Qxb7 Nb6 21. Qa6 Qd5 22. a5 Nd7 23. Qd3 e6 24.
Bb2 Nb5 25. Qxb5 1-0

[Event "*** Titled Tuesday Blitz"]
[Site "Chess.com"]
[Date "2020.11.03"]
[Round "4"]
[White "Manukyan_Artak"]
[Black "Chess2019Player"]
[Result "1-0"]
[WhiteElo "2436"]
[BlackElo "2247"]
[TimeControl "180+1"]
[EndTime "10:41:04 PST"]
[Termination "Manukyan_Artak won on time"]

1. e4 c5 2. Nf3 g6 3. c3 Bg7 4.
d4 cxd4 5. cxd4 d5 6. exd5 Nf6 7. Bb5+ Nbd7 8. Nc3 O-O 9. Bxd7 Bxd7 10. Qb3 b6 11. O-O Bc8 12. Ne5 Bb7 13. Nc6 Qd7 14. Ne5 Qd8 15. Nc6 Bxc6 16. dxc6 Qxd4 17. Bg5 Rac8 18. Nb5 Qc5 19. Bxf6 Bxf6 20. Rac1 Qe5 21. Nxa7 Ra8 22. c7 Rxa7 23. c8=Q Rxc8 24. Rxc8+ Kg7 25. Rc2 Qa5 26. a3 Rd7 27. Rc6 Rd2 28. Qxb6 Qe5 29. b4 Qb2 30. Qe3 Bd4 31. Qf3 1-0

[Event "*** Titled Tuesday Blitz"]
[Site "Chess.com"]
[Date "2020.11.03"]
[Round "4"]
[White "DrVelja"]
[Black "WeAintSurePal"]
[Result "1-0"]
[WhiteElo "2758"]
[BlackElo "2355"]
[TimeControl "180+1"]
[EndTime "10:41:05 PST"]
[Termination "DrVelja won by resignation"]

1. d4 Nf6 2. c4 e6 3. Nf3 Bb4+ 4. Bd2 c5 5. g3 O-O 6. Bxb4 cxb4 7. Bg2 d6 8. O-O Nc6 9. Nbd2 e5 10. d5 Nb8 11. a3 bxa3 12. Rxa3 a5 13. c5 h6 14.
Nc4 e4 15. Nd4 dxc5 16. Nb5 Bd7 17. Nbd6 b5 18. Ne5 b4 19. Re3 Qe7 20. Nxd7 Qxd7 21.
Nxe4 Nxe4 22. Rxe4 Qd6 23. Rc4 Nd7 24. e4 Rfe8 25.
f4 f6 26. Qd2 Re7 27. Rfc1 Rae8 28. b3 Kh8 29. Qd3 Qa6 30. Qd2 Qd6 31. Qf2 Qb6 32. Bh3 Qd6 33. Be6 Rxe6 34. dxe6 Rxe6 35. Qe2 Qe7 36. Qd3 Nb6 37. Rxc5 Rxe4 38. Rc7 Re1+ 39. Kf2 Rd1 40. Qxd1 1-0

[Event "*** Titled Tuesday Blitz"]
[Site "Chess.com"]
[Date "2020.11.03"]
[Round "4"]
[White "lucasmito"]
[Black "Angry_Twin"]
[Result "0-1"]
[WhiteElo "2554"]
[BlackElo "2860"]
[TimeControl "180+1"]
[EndTime "10:41:06 PST"]
[Termination "Angry_Twin won by resignation"]

1. e4 c5 2. Nf3 d6 3. d4 cxd4 4. Nxd4 Nf6 5. Nc3 a6 6. Be3 e5 7. Nb3 Be6 8. f3 h5 9. Qd2 Nbd7 10. O-O-O Rc8 11. Nd5 Bxd5 12. exd5 g6 13. Kb1 Bg7 14. h4 O-O 15. c4 e4 16. Bd4 Re8 17. Qb4 Qc7 18. Na5 Nc5 19. Qc3 e3 20. Be2 Ncd7 21.
Qb4 Nxd5 22. cxd5 Qc2+ 23. Ka1 Qxe2 24. Bxg7 Kxg7 25. Qxd6 Nc5 26. Qf4 Kg8 27. d6 Qb5 28.
Nb3 e2 29. Rb1 Nxb3+ 30. axb3 e1=Q 31. Rhxe1 Rxe1 32. Rxe1 Qa5+ 33. Kb1 Qxe1+ 34. Ka2 0-1

[Event "*** Titled Tuesday Blitz"]
[Site "Chess.com"]
[Date "2020.11.03"]
[Round "4"]
[White "lelajavakhishvili"]
[Black "Smirnov_Pavel"]
[Result "0-1"]
[WhiteElo "2535"]
[BlackElo "2840"]
[TimeControl "180+1"]
[EndTime "10:41:07 PST"]
[Termination "Smirnov_Pavel won by resignation"]

1. d4 Nf6 2. c4 e6 3. Nf3 d5 4.
Nc3 c6 5. e3 Nbd7 6. Qc2 Bd6 7.
b3 O-O 8. Be2 b6 9. O-O Bb7 10.
Bb2 Qe7 11. Rfe1 Rfe8 12. Rad1 Rad8 13. Bd3 e5 14. cxd5 cxd5 15. dxe5 Nxe5 16. Be2 Nxf3+ 17. Bxf3 d4 18. Nb5 Bxf3 19. gxf3 Bxh2+ 20. Kxh2 Qe5+ 21. Kg1 Qg5+ 22. Kh1 Qh5+ 23. Kg2 d3 24. Qc4 Rd5 25. Bxf6 gxf6 26. Rxd3 Qg6+ 27. Kh2 Rh5+ 0-1

[Event "*** Titled Tuesday Blitz"]
[Site "Chess.com"]
[Date "2020.11.03"]
[Round "4"]
[White "UCantHandleDenker"]
[Black "obliviate12"]
[Result "0-1"]
[WhiteElo "2499"]
[BlackElo "2717"]
[TimeControl "180+1"]
[EndTime "10:41:07 PST"]
[Termination "obliviate12 won on time"]

1. Nf3 Nf6 2. g3 b6 3. Bg2 Bb7 4. O-O g6 5. c4 c5 6. Nc3 Bg7 7. d4 cxd4 8. Qxd4 O-O 9. Rd1 Ne4 10. Qe3 Nxc3 11. bxc3 Na6 12. Ne5 Bxg2 13. Kxg2 Qc8 14. Nxd7 Rd8 15. Qxe7 Qc6+ 16. f3 Qxc4 17. Bg5 Re8 18.
Nf6+ Bxf6 19. Qxf6 Qxe2+ 20. Kh3 Re6 21. Rd8+ Rxd8 22.
Qxd8+ Kg7 23. Qd4+ f6 24. Bf4 Nc5 0-1

[Event "*** Titled Tuesday Blitz"]
[Site "Chess.com"]
[Date "2020.11.03"]
[Round "4"]
[White "Skat2704"]
[Black "levallem"]
[Result "1-0"]
[WhiteElo "2429"]
[BlackElo "2236"]
[TimeControl "180+1"]
[EndTime "10:41:07 PST"]
[Termination "Skat2704 won by resignation"]

1. d4 Nf6 2. c4 e6 3. Nf3 Bb4+ 4. Bd2 Bxd2+ 5. Qxd2 d5 6. g3 b6 7. Bg2 Bb7 8. O-O Nbd7 9. Ne5 O-O 10. Nc3 c6 11.
Rad1 Nxe5 12. dxe5 Nd7 13. f4 Qe7 14. e4 Qc5+ 15.
Kh1 Qxc4 16. f5 Nxe5 17. f6 Ng6 18. fxg7 Kxg7 19. h4 h5 20. Qg5 c5 21. Qf6+ Kg8 22.
exd5 exd5 23. Bxd5 Bxd5+ 24. Nxd5 Rad8 25. Qg5 Kg7 26. Nf6 Rxd1 27. Rxd1 Qe2 28. Nxh5+ Kh7 29. Nf6+ Kg7 30.
Nh5+ Kh7 31. Rd2 Qf1+ 32. Kh2 Qf3 33. Rg2 Re8 34. Nf6+ Kg7 35. Nxe8+ 1-0

[Event "*** Titled Tuesday Blitz"]
[Site "Chess.com"]
[Date "2020.11.03"]
[Round "4"]
[White "UmarovSabir"]
[Black "bazar-wokzal"]
[Result "0-1"]
[WhiteElo "2326"]
[BlackElo "2510"]
[TimeControl "180+1"]
[EndTime "10:41:10 PST"]
[Termination "bazar-wokzal won on time"]

1. e4 c5 2. a3 Nf6 3. Nc3 Nc6 4.
f4 d5 5. e5 d4 6. exf6 dxc3 7.
fxg7 cxd2+ 8. Qxd2 Bxg7 9. Qxd8+ Kxd8 10. c3 Bf5 11. Nf3 Kc7 12. Be3 b6 13. O-O-O Rad8 14. Bc4 e6 15. h3 Na5 16. Ba2 Be4 17. Ng5 Bg6 18. Rxd8 Rxd8 19. Rd1 Rxd1+ 20. Kxd1 h6 21. Nf3 Be4 22. Ke2 Kc6 23. g4 Bd5 24. Bxd5+ Kxd5 25.
Nd2 Nc4 26. Nxc4 Kxc4 27. Kd2 Kb3 28. Kc1 f5 29. g5 hxg5 30. fxg5 e5 31. h4 f4 32. Bf2 e4 33. h5 e3 34. Bxe3 fxe3 35. h6 Bf8 36. h7 Bg7 37. g6 c4 38. Kd1 Kxb2 0-1

[Event "*** Titled Tuesday Blitz"]
[Site "Chess.com"]
[Date "2020.11.03"]
[Round "4"]
[White "AliKa2810"]
[Black "barbara25"]
[Result "1-0"]
[WhiteElo "2565"]
[BlackElo "2340"]
[TimeControl "180+1"]
[EndTime "10:41:11 PST"]
[Termination "AliKa2810 won by resignation"]

1. d4 Nf6 2. c4 e6 3. Nc3 Bb4 4. Qc2 c5 5. dxc5 Bxc5 6. Nf3 O-O 7. Bg5 Be7 8. e4 b6 9. Rd1 Bb7 10. Bd3 h6 11. Bh4 Nc6 12. a3 Rc8 13. O-O Ne8 14. Bxe7 Qxe7 15. e5 Na5 16. Ne4 Nxc4 17. Bxc4 b5 18.
Nfd2 bxc4 19. Nxc4 Bd5 20. b3 Qh4 21. Rfe1 a5 22. a4 f5 23. Ned2 f4 24. f3 Rf5 25. Qd3 g5 26. Nb6 Rc5 27. Nxd7 Rc7 28. Nb6 Bb7 29. Ne4 g4 30. Qd8 Qh5 31. fxg4 Qxg4 32. Qxe8+ Kh7 33. Rd7+ Rxd7 34. Qxd7+ Kg6 35. Qxe6+ Kh5 36. Nf6+ 1-0